 Dungeon Crawl Stone Soup version 0.30.2 (webtiles) character file.

Game seed: 16653342707880876871

1492411 cerulescent the Ecstatic (level 27, 276/276 HPs)
             Began as an Armataur Fighter on Mar 31, 2024.
             Was a Follower of Uskayaw.
             Escaped with the Orb
             ... and 3 runes on Apr 5, 2024!
             The game lasted 07:33:50 (94575 turns).

cerulescent the Ecstatic (Armataur Fighter)        Turns: 94575, Time: 07:33:51

Health: 276/276    AC: 57    Str: 29    XL:     27
Magic:  39/39      EV:  8    Int: 11    God:    Uskayaw [*.....]
Gold:   7613       SH: 24    Dex: 16    Spells: 26/26 levels left

rFire   + + .        a - +9 broad axe (freeze)
rCold   + . .        K - +2 tower shield {reflect}
rNeg    + + .        X - +10 gold dragon scales
rPois   +            (helmet restricted)
rElec   +            w - +1 cloak {Will+}
rCorr   +            H - +0 pair of gloves
SInv    +            V - +6 lightning scales {swift, rElec}
Will    +++..        m - amulet of regeneration Stlth
                     c - ring of Fragile Peace {*Slow rN++ rCorr AC+4 Int+2}
HPRegen 1.46/turn    p - ring "Orestrak" {rF+ Str+2 Dex+2 SInv}
MPRegen 0.26/turn

%: slow self (1%), reflection, roll
@: hasted, very quick
A: large, rugged brown scales 3, deformed body, armoured tail, roll, long
tongue, awkward tongue, horns 1, stinger 1, talons 1, iridescent scales 1,
screaming 1, weak 2, subdued magic 1, noise suppression
0: Orb of Zot
}: 3/15 runes: decaying, serpentine, silver
a: Renounce Religion, Stomp


You escaped.
You worshipped Uskayaw.
Uskayaw was extremely pleased with you.
You visited 10 branches of the dungeon, and saw 50 of its levels.
You visited the Abyss 1 time.
You also visited: Wizlab.

You collected 9314 gold pieces.
You spent 1701 gold pieces at shops.

Inventory:

Hand Weapons
 a - a +9 broad axe of freezing (weapon)
 J - a +7 eveningstar of holy wrath
Missiles
 q - 10 javelins (quivered)
 Q - 2 throwing nets
Armour
 v - the +4 dragonskin cloak
   (You took it off Tiamat on level 1 of the Realm of Zot)

   Avatar's Aegis: It grants the wearer a chance to resist fire, cold, poison,
   electricity, acid, and negative energy.
 w - a +1 cloak of willpower (worn)
 E - a +2 helmet
 H - a +0 pair of gloves (worn)
 K - a +2 tower shield of reflection (worn)
 V - the +6 lightning scales (worn) {swift, rElec}
   (You found it on level 3 of the Elven Halls)

   Swift:     It allows the wearer to cover ground more swiftly.
   rElec:     It insulates you from electricity.
 X - +10 gold dragon scales (worn)
Jewellery
 c - the ring of Fragile Peace (left hand) {*Slow rN++ rCorr AC+4 Int+2}
   (You took it off a white draconian on level 2 of the Realm of Zot)

   [ring of protection]

   AC:        It affects your AC (+4).
   Int:       It affects your intelligence (+2).
   rN:        It greatly protects you from negative energy.
   rCorr:     It protects you from acid and corrosion.
   *Slow:     It may slow you when you take damage.
 i - a ring of willpower
 l - a ring of resist corrosion
 m - an amulet of regeneration (around neck)
 p - the ring "Orestrak" (right hand) {rF+ Str+2 Dex+2 SInv}
   (You took it off a deep elf high priest on level 3 of the Elven Halls)

   [ring of protection from fire]

   Str:       It affects your strength (+2).
   Dex:       It affects your dexterity (+2).
   rF:        It protects you from fire.
   SInv:      It lets you see invisible.
 y - the ring of Bebeohu {AC+4 SInv}
   (You bought it in a shop on level 2 of the Orcish Mines)

   [ring of protection]

   AC:        It affects your AC (+4).
   SInv:      It lets you see invisible.
 R - a ring of positive energy
Wands
 b - a wand of mindburst (26)
 n - a wand of digging (12)
 A - a wand of iceblast (88)
 B - a wand of polymorph (24)
 D - a wand of paralysis (33)
 O - a wand of light (53)
 Y - a wand of flame (145)
Scrolls
 f - 5 scrolls of immolation
 k - 3 scrolls of silence
 o - 5 scrolls of fog
 s - 10 scrolls of teleportation
 t - 2 scrolls of blinking
 u - a scroll of enchant weapon
 F - 4 scrolls of magic mapping
 I - 9 scrolls of fear
Potions
 d - 7 potions of might
 e - 2 potions of haste
 g - 16 potions of curing
 h - 7 potions of magic
 j - 17 potions of lignification
 x - 2 potions of flight
 z - 14 potions of brilliance
 C - 3 potions of resistance
 G - a potion of heal wounds
 N - 6 potions of mutation
 P - 2 potions of ambrosia
 T - 4 potions of invisibility
 W - 8 potions of attraction
 Z - 4 potions of cancellation
Miscellaneous
 r - a phantom mirror
 L - a lightning rod (4/4)
 M - a condenser vane
 S - a phial of floods
 U - a box of beasts


   Skills:
 - Level 23.0 Fighting
 - Level 18.0 Axes
 - Level 24.0 Armour
 - Level 12.0 Dodging
 - Level 11.0 Stealth
 - Level 21.0 Shields
 + Level 24.3 Invocations
 - Level 10.0 Evocations


You had 26 spell levels left.
You didn't know any spells.
Your spell library contained the following spells:

 Spells                   Type           Power      Damage    Failure   Level
 Beastly Appendage        Tmut           0%         N/A       98%         1
 Foxfire                  Conj/Fire      0%         2x1d4     98%         1
 Kiss of Death            Conj/Necr      0%         2d5       98%         1
 Magic Dart               Conj           0%         1d3       98%         1
 Sandblast                Erth           0%         2d4       98%         1
 Slow                     Hex            0%         N/A       98%         1
 Sting                    Tmut/Pois      0%         1d3       98%         1
 Summon Small Mammal      Summ           0%         N/A       98%         1
 Blink                    Tloc           0%         N/A       99%         2
 Cigotuvi's Dreadful Rot  Necr/Pois/Air  0%         N/A       99%         2
 Ensorcelled Hibernation  Hex/Ice        0%         N/A       99%         2
 Lesser Beckoning         Tloc           0%         N/A       99%         2
 Momentum Strike          Conj/Tloc      0%         3d8       99%         2
 Passwall                 Tmut/Erth      0%         N/A       99%         2
 Poisonous Vapours        Pois/Air       0%         N/A       99%         2
 Searing Ray              Conj           0%         2d4       99%         2
 Static Discharge         Conj/Air       0%         2-2/arc   99%         2
 Sublimation of Blood     Necr           0%         N/A       99%         2
 Wereblood                Tmut           0%         N/A       99%         2
 Call Canine Familiar     Summ           0%         N/A       100%        3
 Confusing Touch          Hex            0%         N/A       100%        3
 Dazzling Flash           Conj/Hex       0%         N/A       100%        3
 Gell's Gravitas          Tloc           0%         N/A       100%        3
 Ignite Poison            Fire/Tmut/Pois 0%         N/A       100%        3
 Inner Flame              Hex/Fire       0%         N/A       100%        3
 Ozocubu's Armour         Ice            0%         N/A       100%        3
 Spider Form              Tmut/Pois      0%         N/A       100%        3
 Summon Guardian Golem    Hex/Summ       0%         N/A       100%        3
 Swiftness                Air            0%         N/A       100%        3
 Teleport Other           Tloc           0%         N/A       100%        3
 Tukima's Dance           Hex            0%         N/A       100%        3
 Vampiric Draining        Necr           0%         2d6       100%        3
 Vhi's Electric Charge    Tloc/Air       0%         N/A       100%        3
 Anguish                  Hex/Necr       0%         N/A       100%        4
 Animate Armour           Summ/Erth      0%         N/A       100%        4
 Cause Fear               Hex            0%         N/A       100%        4
 Dispel Undead            Necr           0%         3d6       100%        4
 Flame Wave               Conj/Fire      0%         2d4       100%        4
 Fulminant Prism          Conj/Hex       0%         3d5       100%        4
 Leda's Liquefaction      Hex/Erth       0%         N/A       100%        4
 Olgreb's Toxic Radiance  Pois           0%         N/A       100%        4
 Passage of Golubria      Tloc           0%         N/A       100%        4
 Petrify                  Tmut/Erth      0%         N/A       100%        4
 Sticky Flame             Conj/Fire      0%         2d3       100%        4
 Summon Ice Beast         Ice/Summ       0%         N/A       100%        4
 Summon Lightning Spire   Summ/Air       0%         N/A       100%        4
 Agony                    Necr           0%         N/A       100%        5
 Alistair's Intoxication  Tmut/Pois      0%         N/A       100%        5
 Arcjolt                  Conj/Air       0%         1d10      100%        5
 Blade Hands              Tmut           0%         N/A       100%        5
 Borgnjor's Vile Clutch   Necr/Erth      0%         N/A       100%        5
 Fireball                 Conj/Fire      0%         3d3       100%        5
 Freezing Cloud           Conj/Ice/Air   0%         6-21      100%        5
 Irradiate                Conj/Tmut      0%         3d11      100%        5
 Iskenderun's Battlesphe  Conj           0%         2d6       100%        5
 Lee's Rapid Deconstruct  Erth           0%         3d4*      100%        5
 Silence                  Hex/Air        0%         N/A       100%        5
 Summon Forest            Summ/Tloc      0%         N/A       100%        5
 Summon Mana Viper        Hex/Summ       0%         N/A       100%        5
 Yara's Violent Unravell  Hex/Tmut       0%         3d3       100%        5
 Conjure Ball Lightning   Conj/Air       0%         3x3d6     100%        6
 Death Channel            Necr           0%         N/A       100%        6
 Eringya's Noxious Bog    Tmut/Pois      0%         N/A       100%        6
 Simulacrum               Ice/Necr       0%         N/A       100%        6
 Statue Form              Tmut/Erth      0%         N/A       100%        6
 Summon Cactus Giant      Summ           0%         N/A       100%        6
 Enfeeble                 Hex            0%         N/A       100%        7
 Malign Gateway           Summ/Tloc      0%         N/A       100%        7
 Orb of Destruction       Conj           0%         9d5       100%        7
 Ozocubu's Refrigeration  Ice            0%         4d7       100%        7
 Spellforged Servitor     Conj/Summ      0%         N/A       100%        7
 Storm Form               Tmut/Air       0%         N/A       100%        7
 Borgnjor's Revivificati  Necr           0%         N/A       100%        8
 Discord                  Hex            0%         N/A       100%        8
 Disjunction              Tloc           0%         N/A       100%        8
 Ignition                 Fire           0%         3d3       100%        8
 Maxwell's Capacitive Co  Air            0%         ∞         100%        8
 Necromutation            Tmut/Necr      0%         N/A       100%        8
 Summon Horrible Things   Summ           0%         N/A       100%        8
 Chain Lightning          Conj/Air       0%         N/A       100%        9
 Death's Door             Necr           0%         N/A       100%        9
 Polar Vortex             Ice            0%         N/A       100%        9
 Shatter                  Erth           0%         3d5*      100%        9


Dungeon Overview and Level Annotations

Branches:
Dungeon (15/15)            Temple (0/1) D:5            Lair (5/5) D:10
  Swamp (4/4) Lair:2        Snake (4/4) Lair:2        Slime (0/5) Lair:4
    Orc (2/2) D:12            Elf (3/3) Orc:2        Vaults (5/5) D:13
  Crypt (3/3) Vaults:2       Tomb (0/3) Crypt:3      Depths (4/4) D:15
    Zot (5/5) Depths:4     WizLab (visited)

Altars:
Cheibriados
Dithmenos
Fedhas
Gozag
Hepliaklqana
Kikubaaqudgha
Makhleb
Nemelex Xobeh
Okawaru
Ru
Sif Muna
Uskayaw
Vehumet
Wu Jian
Xom
Zin
Jiyva

Shops:
D:10 [   D:13 [   Orc:2 =(!=?   Elf:1 ((   Elf:3 *[   Snake:4 !   Vaults:1 (
Vaults:5 :   Depths:3 !

Portals:
Hell: Depths:1 Depths:2 Depths:3 Depths:4
Abyss: Crypt:2 Depths:3
Pandemonium: Orc:2 Depths:2
Ziggurat: Depths:4
Trove: Elf:2 (show abyssal rune of Zot)

Annotations:
Swamp:4 Lernaean hydra
Crypt:2 2 transporters, Houmnergh's ghost, master GnTm
Zot:4 2 transporters
Zot:5 3 runed translucent doors, ZoaN's ghost, legendary MiFi


Innate Abilities, Weirdness & Mutations

You are completely covered in rugged brown scales. (AC +3, +7% HP)
Armour fits poorly on your strangely shaped body.
You have a long armoured tail.
You roll when moving toward enemies. (Rampage)
Your long tongue fully drains potion bottles. (2x potion effects)
Your tongue gives you trouble enunciating. (1.5x scroll delay)
You have a pair of small horns on your head.
Your tail ends in a venomous barb.
You have sharp toenails.
You are partially covered in iridescent scales. (AC +2)
You occasionally shout uncontrollably at your foes.
You are very weak. (Str -4)
Your spells are a little easier to cast, but a little less powerful.
You passively dampen the noise of your surroundings.


Message History

The freezing blast engulfs you but does no damage.
You slash the blizzard demon! You freeze the blizzard demon.
The blizzard demon is heavily wounded.
You are engulfed in freezing vapours.
You resist.
You hit the blizzard demon.
Your headbutt misses the blizzard demon.
The blizzard demon is severely wounded.
You are engulfed in freezing vapours.
You resist.
The blizzard demon is engulfed in freezing vapours.
You block the blizzard demon's attack. The blizzard demon barely misses you.
You hit the blizzard demon.
Your headbutt misses the blizzard demon.
The blizzard demon is severely wounded.
You are engulfed in freezing vapours.
You resist.
You slice the blizzard demon!! You freeze the blizzard demon.
You kill the blizzard demon!
You are engulfed in freezing vapours.
You resist.
You can now pass through a line of other dancers.
You are engulfed in freezing vapours.
You resist.
You are engulfed in freezing vapours.
You resist.
You can no longer pass through a line of other dancers.
Aiming: Dig
Press: ? - help, Shift-Dir - straight line A rock wall.
This square is covered in magical glow.
The rock shatters into small pieces.
There is a staircase leading out of the dungeon here.
Autopickup is now off.
Autopickup is now on.
Okay, then.
Your actions are hasted.
Your movement speed is very quick.
Your attack delay is about 0.4 (and cannot be improved with additional weapon skill).
Your damage rating with your +9 broad axe of freezing is about 45 (Base 13 x 147% (Str) x 188% (Skill) + 9 (Ench)).
Your base attributes are Str 31, Int 9, Dex 14.
Unknown command.
Your actions are hasted.
Your movement speed is very quick.
Your attack delay is about 0.5 (and cannot be improved with additional weapon skill).
Your damage rating with your +9 broad axe of freezing is about 45 (Base 13 x 147% (Str) x 188% (Skill) + 9 (Ench)).
Your base attributes are Str 31, Int 9, Dex 14.
You have escaped!

#.# #.#...##.(.##...##...##.#
..# #.#..####..##..####..##.#
..####.#..####..##..####..##.#
.......#...##...##...##..^##.#
#.#.###...................##.#
#.#.# ##.................###.#
#.#.# ##.####..##..###### #.#
..#.# ##.###..##..###### #.#
....# ##.......@........###.#
..#.# #..................##.#
..#.# #...##...##...##...##.#
....# #..####..##..####..##.#
.#.## #..####..##..####..##.#
...## #...##...##...##...##.#
##..## #........##........##.#
.....###'......####......'##.#
##.#....########..########.#.#


There were no monsters in sight!

Vanquished Creatures
  Tiamat (Zot:1)
  3 dread liches
  8 orbs of fire
  2 ancient liches
  2 juggernauts
  The ghost of deprived the Exorcist, a veteran HOFi of the Shining One (Vaults:3)
  Josephina (Depths:3)
  Frederick (Crypt:2)
  8 Killer Klowns
  Saint Roka (Crypt:1)
  3 curse toes (Zot:5)
  A shard shrike (Zot:1)
  3 caustic shrikes (Depths:4)
  12 golden dragons
  2 bone dragons (Crypt:3)
  5 electric golems
  Jorgrun (Elf:1)
  2 hellephants (Depths:1)
  A walking crystal tome (Depths:3)
  2 Ice Fiends (Depths:2)
  22 tentacled monstrosities
  25 Orb Guardians
  2 deep elf blademasters
  The ghost of Yloucecuu the Ninja, a veteran SpEn of Dithmenos (Vaults:3)
  4 titans
  12 quicksilver dragons
  2 liches
  The ghost of Wueresid the Spry, an adept DEHW of Sif Muna (Vaults:3)
  2 deep elf master archers (Elf:3)
  A walking divine tome (Depths:3)
  An Executioner (D:9)
  6 sphinxes
  Kirke (D:15)
  3 tengu reavers
  2 tentacled starspawn (Abyss:3)
  6 death cobs
  13 ancient champions
  6 revenants
  A thorn hunter (Swamp:1)
  13 shadow dragons
  18 storm dragons
  6 draconian monks
  Roxanne (D:15)
  5 draconian knights
  2 rockslimes (Zot:2)
  A fenstrider witch (Swamp:1)
  2 nagarajas
  A nargun (Depths:2)
  10 fire giants
  An iron dragon (shapeshifter) (D:14)
  The ghost of BaconRulez the Severer, a journeyman HOFi of Beogh (Orc:1)
  7 deep elf sorcerers
  11 frost giants
  Louise (Snake:4)
  5 iron dragons
  A ghost moth (Zot:3)
  A balrug (Zot:1)
  6 draconian scorchers
  A spectral caustic shrike (WizLab)
  2 caustic shrike zombies (WizLab)
  21 vault wardens
  3 curse skulls
  2 orc warlords
  5 draconian stormcallers
  A demonspawn corrupter (Zot:2)
  4 angels (Zot:1)
  A caustic shrike skeleton (Depths:2)
  A cacodemon (Zot:2)
  5 draconian shifters
  16 ironbound preservers
  7 deep elf elementalists (Elf:3)
  2 war gargoyles (Vaults:4)
  7 ghouls
  3 reapers (Depths:2)
  13 stone giants
  6 draconian annihilators
  A demonspawn blood saint (Zot:2)
  6 vampire knights
  A starflower (Abyss:3)
  2 ironbound thunderhulks
  49 very ugly things
  5 halazid warlocks (WizLab)
  12 deep elf annihilators
  15 black draconians
  A spectral titan (WizLab)
  6 eleionomae
  A demonspawn black sun (Zot:1)
  6 deep elf demonologists
  18 purple draconians
  A lorocyproca (Zot:1)
  16 green draconians
  14 dire elephants
  The ghost of snydleywhiplash the Executioner, a journeyman MiFi of Okawaru (D:14)
  7 bunyips
  8 spark wasps
  14 white draconians
  7 red draconians
  10 yellow draconians
  A spectral quicksilver dragon (WizLab)
  6 eidola
  9 deep elf high priests
  7 deep elf death magi
  16 ettins
  3 quicksilver dragon zombies
  A green death (Zot:1)
  19 jiangshi
  2 blizzard demons
  13 yaktaur captains
  5 fire dragons
  2 shambling mangroves
  2 crystal guardians
  3 entropy weavers
  31 vault guards
  3 ghost crabs
  13 ice dragons
  A salamander tyrant (Snake:4)
  A quicksilver dragon skeleton (Vaults:1)
  Harold (D:9)
  8 great orbs of eyes
  6 rakshasas
  5 anacondas
  20 hydras
  A catoblepas (D:13)
  7 ogre magi
  Erolcha (D:13)
  10 centaur warriors
  3 spriggan air magi (Depths:4)
  2 demonspawn (Orc:2)
  A juggernaut simulacrum (Crypt:2)
  4 peacekeepers
  4 death knights
  A bennu zombie (Crypt:2)
  A catoblepas (shapeshifter) (Vaults:5)
  5 two-headed ogres
  8 deep troll shamans
  3 alligators
  14 naga warriors
  27 dancing weapons
  5 death yaks (Lair:3)
  7 ironbound frosthearts
  11 boulder beetles
  A tengu warrior (D:13)
  8 vampire magi
  7 hell hogs (Depths:1)
  6 deep troll earth magi
  A titan zombie (Crypt:2)
  7 shock serpents
  4 spriggan berserkers
  7 orc high priests (Orc:2)
  21 naga sharpshooters
  21 deep elf knights
  3 soul eaters
  4 thrashing horrors (Abyss:3)
  A titan skeleton (Depths:2)
  A sun demon (D:8)
  10 hell knights
  A skyshark (Lair:5)
  2 wretched stars (Abyss:3)
  2 salamander mystics
  2 golden dragon zombies
  20 skeletal warriors
  2 shadow wraiths
  10 iron trolls
  2 sixfirhies
  4 spriggan druids
  5 goliath frogs
  10 glowing orange brains
  2 spark wasp zombies
  9 flayed ghosts
  A spectral wolf spider (WizLab)
  42 deep trolls
  2 orange crystal statues (Depths:2)
  A shadow dragon zombie (Vaults:4)
  14 deep elf archers
  Pikel (D:7)
  13 bog bodies
  15 swamp dragons
  3 naga ritualists
  11 wizards
  An anaconda skeleton (Crypt:1)
  A golden dragon skeleton (Vaults:4)
  4 large abominations (Abyss:3)
  2 spriggan simulacra (Depths:2)
  20 lindwurms
  8 ironbound convokers
  10 orc knights
  2 sphinx zombies
  35 deep elf pyromancers
  20 phantasmal warriors
  17 necromancers
  6 mana vipers
  36 deep elf zephyrmancers
  A cyclops (shapeshifter) (Elf:3)
  3 worldbinders
  A wolf spider (Vaults:3)
  7 will-o-the-wisps
  26 ugly things
  3 manticores
  2 frost giant zombies
  4 orc sorcerers (Orc:2)
  3 cyclopes
  A fire giant skeleton (Vaults:3)
  2 spectral spriggans (WizLab)
  A faun (shapeshifter) (D:13)
  3 elephants (Lair:4)
  24 moths of wrath
  A toenail golem (D:9)
  4 guardian serpents
  2 rust devils
  A frost giant skeleton (Vaults:3)
  18 salamanders
  11 naga magi
  A human skeleton (Vaults:4)
  10 vault sentinels
  36 black mambas
  3 gargoyles
  5 cane toads
  An orange demon (Orc:2)
  An eye of devastation (shapeshifter) (Vaults:4)
  7 torpor snails
  A black draconian zombie (Crypt:1)
  2 kobold demonologists (D:11)
  A redback zombie (Crypt:1)
  9 komodo dragons
  4 unseen horrors
  3 freezing wraiths
  A red devil (D:14)
  An efreet (Abyss:3)
  A golden dragon simulacrum (Depths:2)
  9 yaktaurs
  A black draconian skeleton (Crypt:2)
  A harpy zombie (WizLab)
  15 polar bears
  A shadow dragon simulacrum (Depths:3)
  A yellow draconian skeleton (Crypt:3)
  7 trolls
  2 tormentors
  A bloated husk (Swamp:1)
  2 yaktaur skeletons
  A meliai (shapeshifter) (D:14)
  A merfolk (shapeshifter) (D:13)
  33 hornets
  An iron dragon simulacrum (Depths:3)
  11 tyrant leeches
  11 raiju
  A fire dragon zombie (Crypt:1)
  A spriggan zombie (WizLab)
  3 frost giant simulacra
  6 dream sheep (Lair:3)
  27 blink frogs
  An ettin zombie (Vaults:1)
  A jumping spider (shapeshifter) (Zot:1)
  27 slime creatures
  A centaur simulacrum (D:14)
  6 vampires
  An ice dragon skeleton (Crypt:3)
  28 spriggans
  3 air elementals
  2 shadows
  19 flying skulls
  9 wraiths
  A yak (shapeshifter) (Depths:2)
  A ynoxinul (Depths:2)
  4 water elementals
  4 wyverns
  A human (shapeshifter) (Elf:3)
  3 fire elementals
  4 basilisks
  A neqoxec (Abyss:3)
  A black mamba skeleton (Crypt:2)
  50 yaks
  16 vampire mosquitoes
  A steam dragon (D:8)
  A yaktaur simulacrum (Vaults:5)
  5 hogs
  A redback (shapeshifter) (D:13)
  A wind drake skeleton (Crypt:3)
  Menkaure (D:7)
  8 wargs
  An acid dragon (D:11)
  31 nagas
  3 small abominations (Abyss:3)
  12 water moccasins
  19 swamp worms
  A deep troll zombie (Crypt:2)
  Duvessa (D:7)
  2 glowing shapeshifter skeletons
  17 hell hounds
  2 demonspawn skeletons (Crypt:1)
  39 orc warriors
  An ice beast (Vaults:3)
  7 swamp drakes
  11 black bears (Lair:5)
  5 boggarts
  4 human zombies
  7 starcursed masses (Abyss:3)
  29 wolves
  4 ogres
  A tengu (Lair:5)
  A manticore skeleton (Crypt:1)
  4 centaurs
  A rime drake zombie (Crypt:2)
  A phantom (D:6)
  A hog skeleton (Crypt:1)
  2 kobold brigands (D:11)
  11 bullfrogs
  2 glowing shapeshifter simulacra
  4 necrophages
  A scorpion (D:6)
  3 earth elementals
  An entropy weaver simulacrum (Vaults:4)
  4 wights (D:7)
  Dowan (D:7)
  5 killer bees (D:9)
  A raiju zombie (Crypt:3)
  A spriggan skeleton (Crypt:1)
  A vampire bat (Vaults:3)
  5 electric eels
  4 crimson imps (Depths:1)
  4 howler monkeys
  2 lava snakes (Lair:5)
  2 human simulacra (Vaults:4)
  A wolf skeleton (Crypt:1)
  2 hounds (D:5)
  2 jellies (D:7)
  35 orc priests
  Crazy Yiuf (D:4)
  2 sleepcaps
  4 iguanas
  20 orc wizards
  6 hell rats (Lair:3)
  A howler monkey zombie (Crypt:3)
  7 adders
  A white imp (D:7)
  2 ufetubi (D:5)
  An adder zombie (Crypt:2)
  2 worms
  2 dart slugs
  78 orcs
  6 endoplasms
  4 giant cockroaches
  7 goblins
  A hobgoblin (shapeshifter) (Depths:3)
  3 hobgoblins (D:1)
  10 jackals
  11 kobolds
  4 quokkas
  7 ball pythons
  10 bats
  5 frilled lizards
  4 rats
  A rat zombie (Crypt:2)
  2 butterflies (Zot:1)
  3 starspawn tentacles (Abyss:3)
2343 creatures vanquished.

Vanquished Creatures (others)
  A caustic shrike simulacrum (Depths:3)
  A deep elf knight (Elf:2)
  A wizard (D:14)
  2 deep elf zephyrmancers (Elf:1)
  A deep elf pyromancer (Elf:1)
  3 bloated husks
  A blink frog (Abyss:3)
  A large abomination (Abyss:3)
  A flying skull (WizLab)
  A spriggan (Swamp:3)
  A golden eye (Abyss:3)
  An acid dragon (Zot:2)
  A boggart (D:15)
  A small abomination (Abyss:3)
  An ufetubus (Abyss:3)
  33 foxfires
  2 lurking horrors (Abyss:3)
  A starspawn tentacle (Abyss:3)
54 creatures vanquished.

Grand Total: 2397 creatures vanquished

Notes
Turn   | Place    | Note
-------+----------+-------------------------------------------
     0 | D:1      | cerulescent the Armataur Fighter began the quest for the
                  | Orb.
     0 | D:1      | Reached XP level 1. HP: 19/19 MP: 1/1
   108 | D:1      | Reached XP level 2. HP: 27/27 MP: 2/2
   431 | D:1      | Reached XP level 3. HP: 33/33 MP: 3/3
  1122 | D:2      | Found a faded altar of an unknown god.
  1206 | D:2      | Reached XP level 4. HP: 40/40 MP: 4/4
  1639 | D:3      | Found a snail-covered altar of Cheibriados.
  2042 | D:4      | Reached XP level 5. HP: 40/49 MP: 5/5
  2357 | D:4      | Found a runed translucent door.
  2358 | D:4      | Noticed Crazy Yiuf
  2366 | D:4      | Killed Crazy Yiuf
  2376 | D:4      | Identified the +1 hammer of Expedience {heavy, rElec}
  2622 | D:4      | Found a sacrificial altar of Ru.
  2709 | D:4      | Found an iron altar of Okawaru.
  2710 | D:4      | Found a blossoming altar of Fedhas.
  2711 | D:4      | Found an opulent altar of Gozag.
  2711 | D:4      | Found a hide-covered altar of Uskayaw.
  2714 | D:4      | Became a worshipper of Uskayaw the Reveller
  2795 | D:4      | Found a shimmering blue altar of Sif Muna.
  3015 | D:5      | Entered Level 5 of the Dungeon
  3038 | D:5      | Found a staircase to the Ecumenical Temple.
  3186 | D:5      | Reached * piety under Uskayaw
  3190 | D:5      | Reached ** piety under Uskayaw
  3192 | D:5      | Reached XP level 6. HP: 52/56 MP: 6/6
  3264 | D:5      | Reached *** piety under Uskayaw
  3340 | D:5      | Found a shadowy altar of Dithmenos.
  3581 | D:5      | Found a glowing silver altar of Zin.
  3623 | D:5      | Reached skill level 5 in Fighting
  3625 | D:5      | Reached skill level 5 in Axes
  3846 | D:5      | Reached XP level 7. HP: 15/65 MP: 7/7
  4063 | D:5      | Found a shimmering altar of Xom.
  4340 | D:6      | Found an ancient bone altar of Kikubaaqudgha.
  4857 | D:6      | Found an ornate altar of the Wu Jian Council.
  4864 | D:6      | Reached XP level 8. HP: 73/73 MP: 4/8
  5261 | D:7      | Noticed Menkaure
  5273 | D:7      | Killed Menkaure
  5450 | D:7      | Noticed Pikel
  5479 | D:7      | Killed Pikel
  5694 | D:7      | Reached skill level 1 in Invocations
  6256 | D:7      | Noticed Dowan
  6303 | D:7      | Killed Dowan
  6304 | D:7      | Reached XP level 9. HP: 60/70 MP: 6/10
  6351 | D:7      | Noticed Duvessa
  6364 | D:7      | Killed Duvessa
  7604 | D:8      | Reached skill level 1 in Stealth
  8088 | D:9      | Reached **** piety under Uskayaw
  8095 | D:9      | Reached ***** piety under Uskayaw
  8471 | D:9      | Found a hazy altar of Hepliaklqana.
  8471 | D:9      | Found a faded altar of an unknown god.
  8471 | D:9      | Noticed Harold
  8491 | D:9      | Killed Harold
  8492 | D:9      | Reached skill level 5 in Invocations
  8492 | D:9      | Reached XP level 10. HP: 35/94 MP: 9/13
  8669 | D:9      | Found a sparkling altar of Nemelex Xobeh.
  8671 | D:9      | Found a burning altar of Makhleb.
  8673 | D:9      | Found a radiant altar of Vehumet.
  9549 | D:10     | Entered Level 10 of the Dungeon
  9651 | D:10     | Found Rauqeleng's Armour Emporium.
  9824 | D:10     | Reached skill level 10 in Axes
 10179 | D:10     | Noticed a two-headed ogre
 10180 | D:10     | a two-headed ogre changed into a polar bear
 10710 | D:10     | Found a staircase to the Lair.
 11943 | D:11     | You fall into a shaft and drop 3 floors!
 11966 | D:14     | Found a transporter.
 11966 | D:14     | Noticed an orc warlord
 12047 | D:14     | Noticed a centaur warrior
 12047 | D:14     | Noticed a five-headed hydra
 12048 | D:14     | Noticed snydleywhiplash's ghost (journeyman MiFi)
 12049 | D:14     | Noticed a cyclops
 12049 | D:14     | Noticed a centaur warrior
 12049 | D:14     | Noticed a boulder beetle
 12059 | D:14     | Noticed a brown ugly thing
 12063 | D:14     | Killed a cyclops
 12064 | D:14     | Reached skill level 5 in Armour
 12147 | D:14     | Noticed a frost giant
 12165 | D:14     | Noticed a six-headed hydra
 12194 | D:14     | Noticed a centaur warrior
 12206 | D:14     | Killed a centaur warrior
 12207 | D:14     | Reached XP level 11. HP: 79/101 MP: 16/16
 12324 | D:14     | Noticed a mana viper
 12351 | D:14     | Found a transporter.
 12584 | D:13     | Noticed a four-headed hydra
 12585 | D:12     | Noticed a deep elf pyromancer
 12606 | D:14     | Killed a four-headed hydra
 12639 | D:14     | Noticed a two-headed ogre
 12643 | D:14     | a two-headed ogre changed into an eye of devastation
 12666 | D:14     | an eye of devastation changed into an orb spider
 12666 | D:14     | Noticed an orb spider (shapeshifter)
 12667 | D:14     | an orb spider changed into a floating eye
 12707 | D:14     | a yak changed into an entropy weaver
 12707 | D:14     | Noticed an entropy weaver (shapeshifter)
 12719 | D:14     | an entropy weaver changed into a troll
 12757 | D:14     | a basilisk changed into an entropy weaver
 12757 | D:14     | Noticed an entropy weaver (shapeshifter)
 12762 | D:14     | an entropy weaver changed into a cane toad
 13088 | D:13     | Noticed a centaur warrior
 13097 | D:13     | Killed a centaur warrior
 13235 | D:13     | Noticed a centaur warrior
 13235 | D:13     | Noticed a seven-headed hydra
 13238 | D:13     | Noticed an ironbound preserver
 13241 | D:13     | Noticed a centaur warrior
 13443 | D:13     | Noticed a six-headed hydra
 13488 | D:12     | Killed a deep elf pyromancer
 13974 | D:11     | Identified the +4 halberd "Beetlebane" {holy, Will+}
 13981 | D:11     | Noticed a soul eater
 14349 | D:11     | Noticed a boulder beetle
 14367 | D:11     | Killed a boulder beetle
 14976 | D:12     | Reached skill level 1 in Evocations
 15197 | Lair:1   | Entered Level 1 of the Lair of Beasts
 15374 | Lair:1   | Identified a scroll of acquirement
 15374 | Lair:1   | Acquired 400 gold pieces
 15927 | Lair:1   | Reached XP level 12. HP: 80/111 MP: 17/17
 15929 | Lair:1   | Reached ****** piety under Uskayaw
 16359 | Lair:2   | Found a staircase to the Snake Pit.
 16860 | Lair:2   | Noticed an eight-headed hydra
 18046 | Lair:2   | Reached skill level 10 in Fighting
 18161 | Lair:2   | Found a staircase to the Swamp.
 18711 | Lair:3   | Noticed a four-headed hydra
 18728 | Lair:3   | Killed a four-headed hydra
 19911 | Lair:3   | Reached skill level 1 in Dodging
 20672 | Lair:4   | Reached XP level 13. HP: 120/120 MP: 19/19
 21002 | Lair:3   | Reached skill level 5 in Stealth
 21423 | Lair:4   | Reached skill level 5 in Evocations
 22487 | Lair:4   | Found a staircase to the Slime Pits.
 22491 | Lair:4   | Found a viscous altar of Jiyva.
 22854 | Lair:4   | Identified the +0 short sword of the Asp {flame, rF+ Int-4
                  | Stlth+}
 23333 | Lair:5   | Entered Level 5 of the Lair of Beasts
 25872 | Lair:5   | Found a runed translucent door.
 25983 | Lair:5   | Paralysed by a hornet for 3 turns
 25984 | Lair:5   | Reached XP level 14. HP: 124/132 MP: 21/21
 28995 | Lair:5   | Reached skill level 10 in Invocations
 30270 | D:12     | Found a staircase to the Orcish Mines.
 31057 | D:13     | Reached skill level 15 in Axes
 31236 | D:13     | Found a gate to the Vaults.
 31294 | D:13     | Killed an ironbound preserver
 31339 | D:13     | Noticed Erolcha
 31360 | D:13     | Killed Erolcha
 31672 | D:13     | Found Pehits's Armour Shop.
 33481 | D:14     | Found an ancient bone altar of Kikubaaqudgha.
 33481 | D:14     | Found the +7 captain's cutlass {speed, disarm}
 33612 | D:14     | Reached XP level 15. HP: 139/139 MP: 22/22
 33629 | D:14     | Reached skill level 10 in Armour
 33859 | D:15     | Entered Level 15 of the Dungeon
 34200 | D:15     | Noticed Kirke
 34214 | D:15     | Killed Kirke
 34281 | D:15     | Identified Roxanne's Thoughts on Teratogeny
 34281 | D:15     | Noticed Roxanne
 35747 | D:14     | Noticed a shadow dragon
 35809 | Orc:1    | Entered Level 1 of the Orcish Mines
 36097 | Orc:1    | Found a large runed translucent door.
 36097 | Orc:1    | Found a large runed translucent door.
 36098 | Orc:1    | Noticed BaconRulez's ghost (journeyman HOFi)
 36174 | Orc:2    | Entered Level 2 of the Orcish Mines
 36661 | Orc:2    | Found Buvum's Jewellery Shoppe.
 37107 | Orc:2    | Found a staircase to the Elven Halls.
 37535 | Orc:2    | Found Zufog Kia's Distillery.
 37584 | Orc:2    | Found Toecips's Magic Scroll Emporium.
 37996 | Orc:2    | Reached skill level 5 in Shields
 39054 | Orc:2    | Found Dodefo Epull's Antique Weapon Shop.
 39054 | Orc:2    | Found Bomm's Jewellery Boutique.
 39054 | Orc:2    | Found a one-way gate leading to the halls of Pandemonium.
 39062 | Orc:2    | Bought the ring of Bebeohu {AC+4 SInv} for 660 gold pieces
 39095 | Orc:2    | Bought a scroll of blinking for 105 gold pieces
 39097 | Orc:2    | Bought a potion of heal wounds for 85 gold pieces
 39348 | Swamp:1  | Entered Level 1 of the Swamp
 40368 | Swamp:1  | Noticed a fenstrider witch
 40798 | Swamp:1  | Killed a fenstrider witch
 40799 | Swamp:1  | Reached XP level 16. HP: 73/150 MP: 25/25
 41607 | Swamp:2  | Noticed a thorn hunter
 42205 | Swamp:1  | Killed a thorn hunter
 42663 | Swamp:2  | Acquired the +0 barding "Enyniodi" {Str+2 Int-5 Dex+2 SInv}
 44153 | Swamp:3  | Found the +3 pair of seven-league boots {Rampage+∞}
 44380 | Swamp:3  | Noticed a tentacled monstrosity
 44392 | Swamp:3  | Killed a tentacled monstrosity
 44596 | Swamp:4  | Entered Level 4 of the Swamp
 47823 | Swamp:4  | Reached XP level 17. HP: 84/161 MP: 26/26
 48484 | Swamp:4  | Noticed the 27-headed Lernaean hydra
 48672 | Swamp:4  | Got a decaying rune of Zot
 48824 | Snake:1  | Entered Level 1 of the Snake Pit
 50993 | Snake:2  | Identified the staff of cold "Ytzutsep" {rElec rC+ rN+}
 52479 | Snake:4  | Entered Level 4 of the Snake Pit
 52976 | Snake:4  | Found Zays's Distillery.
 53409 | Snake:4  | Reached XP level 18. HP: 172/172 MP: 28/28
 53924 | Snake:4  | Noticed Louise
 53934 | Snake:4  | Killed Louise
 54117 | Snake:4  | Got a serpentine rune of Zot
 54614 | D:15     | Found a staircase to the Depths.
 54765 | Vaults:1 | Entered Level 1 of the Vaults
 54966 | Vaults:1 | Reached skill level 15 in Fighting
 55399 | Vaults:1 | HP: 5/174 [orc warlord/+6 dire flail of protection (37)]
 56235 | Vaults:1 | Reached skill level 5 in Dodging
 56772 | Vaults:1 | HP: 8/174 [poisoned by a green very ugly thing]
 56777 | Vaults:1 | HP: 5/174 [poisoned by a green very ugly thing]
 57169 | Vaults:1 | Found Birrirek's Weapon Shop.
 57816 | Vaults:2 | Found a staircase to the Crypt.
 58423 | Vaults:2 | Reached XP level 19. HP: 181/181 MP: 29/29
 58646 | Vaults:2 | Reached skill level 10 in Shields
 59261 | Vaults:3 | Reached skill level 15 in Armour
 59373 | Vaults:3 | Paralysed by a great orb of eyes for 2 turns
 59531 | Vaults:3 | Reached skill level 15 in Invocations
 59826 | Vaults:3 | Got the Omnibus of Transfiguration
 59890 | Vaults:3 | Got the Anthology of Companions
 59962 | Vaults:3 | Found a runed translucent gate.
 59963 | Vaults:3 | Found a runed translucent gate.
 59963 | Vaults:3 | Found a runed translucent gate.
 59964 | Vaults:3 | Noticed Wueresid's ghost (adept DEHW)
 59964 | Vaults:3 | Noticed Yloucecuu's ghost (veteran SpEn)
 59964 | Vaults:3 | Noticed deprived's ghost (veteran HOFi)
 60719 | Vaults:3 | Got Dispater's Parchment of Terra Firma
 61495 | D:10     | Bought a +1 cloak of willpower for 264 gold pieces
 62319 | Vaults:4 | Reached XP level 20. HP: 112/191 MP: 31/31
 62835 | Vaults:4 | Found the +27 heavy crossbow "Sniper" {heavy, Acc+∞ SInv}
 63924 | Orc:2    | Bought a scroll of brand weapon for 133 gold pieces
 63988 | Elf:1    | Entered Level 1 of the Elven Halls
 64415 | Elf:1    | Found a radiant altar of Vehumet.
 64534 | Elf:1    | Noticed Jorgrun
 64658 | Elf:1    | Killed Jorgrun
 64891 | Elf:1    | Got the Monograph on Kinetic Energy
 65341 | Elf:1    | Found Myprev's Antique Weapon Emporium.
 65346 | Elf:1    | Found Woasigom's Antique Weapon Boutique.
 65962 | Elf:2    | Paralysed by an air elemental for 1 turns
 66810 | Elf:2    | Found a portal to a secret trove of treasure.
 67048 | Elf:2    | Found a runed translucent gate.
 67049 | Elf:2    | Found a runed translucent gate.
 67049 | Elf:2    | Found a runed translucent gate.
 67871 | Elf:3    | Entered Level 3 of the Elven Halls
 68420 | Elf:3    | Found Jiybuik's Antique Armour Boutique.
 68470 | Elf:3    | Reached XP level 21. HP: 166/202 MP: 33/33
 68575 | Elf:3    | Bought a glowing helmet for 165 gold pieces
 68588 | Elf:3    | Found Cyfirchu's General Store.
 69010 | Elf:3    | Paralysed by an air elemental for 1 turns
 69199 | Elf:2    | Found an ancient bone altar of Kikubaaqudgha.
 69253 | Elf:3    | Paralysed by an air elemental for 1 turns
 69494 | Elf:3    | Identified the +3 trident "Jeissul" {flame, rElec MP+9
                  | Str+3 Int-5}
 69494 | Elf:3    | Identified the ring "Orestrak" {rF+ Str+2 Dex+2 SInv}
 69755 | Elf:3    | Identified the +10 war axe of Mayhem {heavy, rC+ rCorr}
 69755 | Elf:3    | Identified the ring "Efopaes" {rC++ Dex+6}
 70105 | Elf:3    | Identified the +10 glaive "Erarai Aclu" {spect, Drain
                  | Int+5}
 70290 | Elf:3    | Identified the +1 chain mail of a Thousand Continents
                  | {Slay+5}
 70361 | Abyss:3  | Cast into level 3 of the Abyss (a deep elf sorcerer)
 70569 | Abyss:3  | Paralysed by accursed screaming for 1 turns
 70571 | Abyss:3  | Lost intelligence.
 70577 | Abyss:3  | Paralysed by accursed screaming for 1 turns
 70580 | Abyss:3  | HP: 7/147 [raiju (8)]
 70835 | Abyss:3  | Reached skill level 15 in Shields
 71283 | Elf:3    | Escaped the Abyss
 71857 | Elf:3    | Got the Discourse on Austromancy
 71861 | Elf:3    | Identified the staff of earth "Niasim" {rF+ rC++ Int-5}
 71862 | Elf:3    | Identified the staff of air "Igosyem" {rElec Str+7}
 71880 | Elf:3    | Found the +6 lightning scales {swift, rElec}
 72025 | Elf:3    | Bought a scroll of blinking for 120 gold pieces
 72025 | Elf:3    | Bought a potion of might for 64 gold pieces
 72181 | Elf:3    | Identified the staff of conjuration "Ihesuej" {Dex+3}
 72253 | Elf:3    | Acquired a manual of Invocations
 73467 | Orc:1    | Killed BaconRulez's ghost
 73606 | D:15     | Killed Roxanne
 73700 | Depths:1 | Entered Level 1 of the Depths
 73822 | Depths:1 | Found a blossoming altar of Fedhas.
 73868 | Depths:1 | Found a gateway to Hell.
 74077 | Depths:1 | Found a shimmering altar of Xom.
 74734 | Depths:2 | Reached XP level 22. HP: 191/215 MP: 35/35
 76149 | Depths:3 | Identified the +1 leather armour of Mocruirch {rCorr}
 76375 | Depths:3 | Identified the ring of Elyvilon's Outrage {Ice Will++
                  | Dex-5}
 76375 | Depths:3 | Noticed Josephina
 76388 | Depths:3 | Killed Josephina
 76560 | Depths:3 | Found a one-way gate to the infinite horrors of the Abyss.
 76835 | Depths:3 | Noticed a golden dragon
 76845 | Depths:3 | Killed a golden dragon
 77135 | Depths:3 | Found Sola's Distillery.
 77685 | Depths:4 | Entered Level 4 of the Depths
 77786 | Depths:4 | Noticed a juggernaut
 77802 | Depths:4 | Killed a juggernaut
 77886 | Depths:4 | Noticed a caustic shrike
 77887 | Depths:4 | Found a one-way gateway to a ziggurat.
 77887 | Depths:4 | Noticed a caustic shrike
 77888 | Depths:4 | Noticed a caustic shrike
 77898 | Depths:4 | Killed a caustic shrike
 77902 | Depths:4 | Killed a caustic shrike
 77906 | Depths:4 | Killed a caustic shrike
 77961 | Depths:4 | Found a magical portal.
 77974 | WizLab   | Entered Borgnjor's Mausoleum
 78008 | WizLab   | Reached XP level 23. HP: 225/225 MP: 36/36
 80005 | Depths:4 | Found a gate to the Realm of Zot.
 80400 | D:14     | Killed snydleywhiplash's ghost
 80406 | D:14     | Identified the ring "Muceh" {Fire Dex+3}
 80450 | D:14     | Acquired 926 gold pieces
 80589 | Vaults:3 | Killed Wueresid's ghost
 80597 | Vaults:3 | Killed Yloucecuu's ghost
 80597 | Vaults:3 | Killed deprived's ghost
 80607 | Vaults:3 | Identified the scarf "Hahugauw" {repulsion, Regen+}
 80610 | Vaults:3 | Identified the +0 leather armour "Jaecvec" {Int+4}
 81112 | Vaults:5 | Entered Level 5 of the Vaults
 81120 | Vaults:5 | Noticed an ancient lich
 81137 | Vaults:4 | Killed an ancient lich
 81455 | Vaults:5 | Reached XP level 24. HP: 238/238 MP: 37/37
 81566 | Vaults:5 | Identified the +4 longbow of Yfipeh {heavy, *Slow rN+ Str-3
                  | Dex+8}
 81583 | Vaults:5 | Identified the +8 dagger of Poshred {flame, rC+ rN+ Str+3}
 81824 | Vaults:5 | Noticed a dread lich
 81840 | Vaults:5 | Killed a dread lich
 81852 | Vaults:5 | Reached skill level 10 in Stealth
 82023 | Vaults:5 | Found Uffuwn's Book Shop.
 82385 | Vaults:5 | Got a silver rune of Zot
 82401 | Vaults:5 | Identified the +4 rapier "Ysed" {flame, Str+4 SInv}
 82537 | Vaults:5 | Identified the +2 mace "Deggunk" {flame, +Blink Fly}
 83071 | Vaults:5 | Identified the staff of fire "Essaus" {rF+ Dex+5}
 83073 | Vaults:5 | Identified the +1 mace of Wariness {spect, Str+6 Dex+4}
 83075 | Vaults:5 | Got the Vellum of Ash
 83385 | Orc:2    | Bought a scroll of enchant armour for 105 gold pieces
 83993 | Crypt:1  | Entered Level 1 of the Crypt
 84067 | Crypt:1  | Noticed Saint Roka
 84083 | Crypt:1  | Killed Saint Roka
 84502 | Crypt:1  | Identified the +6 chain mail "Baogeh" {Rampage rF+}
 84710 | Crypt:2  | Found a transporter.
 85080 | Crypt:2  | Noticed Frederick
 85088 | Crypt:2  | Killed Frederick
 85189 | Crypt:2  | Got Hermetics and You
 85204 | Crypt:2  | Noticed Houmnergh's ghost (master GnTm)
 85253 | Crypt:2  | Found a transporter.
 85574 | Crypt:3  | Entered Level 3 of the Crypt
 85873 | Crypt:3  | Reached XP level 25. HP: 247/248 MP: 38/38
 86558 | Crypt:3  | Found the +7 great mace "Undeadhunter" {deathbane, rN+}
 86599 | Crypt:3  | Found a staircase to the Tomb.
 86630 | Crypt:3  | Found the +2 pair of slick slippers {slick, slippery, EV+4}
 86732 | Crypt:3  | Noticed a dread lich
 87317 | Zot:1    | Entered Level 1 of the Realm of Zot
 87360 | Zot:1    | Noticed a shard shrike
 87371 | Zot:1    | Killed a shard shrike
 87551 | Zot:1    | Reached skill level 10 in Evocations
 88669 | Zot:2    | Identified the +10 plate armour of Egalitarianism {Rampage
                  | rC- Dex+3}
 88713 | Zot:2    | Identified the ring of Fragile Peace {*Slow rN++ rCorr AC+4
                  | Int+2}
 88878 | Zot:2    | Identified the staff of cold "Coqow" {rF+ rC+ SInv}
 88879 | Zot:2    | Identified the staff of earth "Koifont" {rC+ rCorr}
 89113 | Zot:1    | Noticed an orb of fire
 89118 | Zot:1    | Killed an orb of fire
 89396 | Zot:1    | Found the +4 dragonskin cloak
 89396 | Zot:1    | Noticed Tiamat
 89401 | Zot:1    | Killed Tiamat
 89418 | Zot:1    | Reached XP level 26. HP: 185/263 MP: 33/38
 89816 | Zot:1    | Found a shimmering altar of Xom.
 90058 | Zot:1    | Found a shimmering altar of Xom.
 90058 | Zot:1    | Found a glowing silver altar of Zin.
 90073 | Zot:1    | Found a shimmering altar of Xom.
 90073 | Zot:1    | Found a shimmering altar of Xom.
 90073 | Zot:1    | Found a shimmering altar of Xom.
 90075 | Zot:1    | Found a shimmering altar of Xom.
 90080 | Zot:1    | Found a shimmering altar of Xom.
 90572 | Zot:3    | Noticed a juggernaut
 90947 | Zot:2    | Killed a juggernaut
 91903 | Zot:4    | Found a transporter.
 92053 | Zot:4    | Found a transporter.
 92390 | Zot:5    | Entered Level 5 of the Realm of Zot
 92511 | Zot:5    | Noticed a dread lich
 92514 | Zot:5    | Noticed a dread lich
 92518 | Zot:5    | Noticed an orb of fire
 92520 | Zot:5    | Killed a dread lich
 92525 | Zot:5    | Killed an orb of fire
 92528 | Zot:5    | Killed a dread lich
 92532 | Zot:5    | Noticed an orb of fire
 92537 | Zot:5    | Reached skill level 10 in Dodging
 92549 | Zot:5    | Noticed an orb of fire
 92550 | Zot:5    | Killed an orb of fire
 92550 | Zot:5    | Noticed an orb of fire
 92560 | Zot:5    | Killed an orb of fire
 92602 | Zot:5    | Noticed an orb of fire
 92626 | Zot:5    | Gained mutation: You are occasionally teleported next to
                  | monsters. [an orb of fire]
 92637 | Zot:5    | Gained mutation: Your magical capacity is low. (-10% MP)
                  | [an orb of fire]
 92647 | Zot:4    | Gained mutation: You occasionally lose the ability to read
                  | scrolls when taking damage. [an orb of fire]
 92669 | Zot:4    | Gained mutation: You have hidden genetic defects. [an orb
                  | of fire]
 92671 | Zot:4    | Killed an orb of fire
 92672 | Zot:4    | Reached XP level 27. HP: 58/276 MP: 21/34
 92672 | Zot:4    | Lost mutation: You have hidden genetic defects. [potion of
                  | mutation]
 92672 | Zot:4    | Lost mutation: You are occasionally teleported next to
                  | monsters. [potion of mutation]
 92672 | Zot:4    | Lost mutation: You occasionally lose the ability to read
                  | scrolls when taking damage. [potion of mutation]
 92672 | Zot:4    | Lost mutation: Your magical capacity is low. (-10% MP)
                  | [potion of mutation]
 92672 | Zot:4    | Gained mutation: You have a somewhat thin skeletal
                  | structure. (Dex +2, Stealth+) [potion of mutation]
 92672 | Zot:4    | Gained mutation: You are occasionally teleported next to
                  | monsters. [potion of mutation]
 92672 | Zot:4    | Gained mutation: Your body sometimes deteriorates upon
                  | taking damage. [potion of mutation]
 92672 | Zot:4    | Gained mutation: Your flesh is cold resistant. (rC+)
                  | [potion of mutation]
 92673 | Zot:4    | Lost mutation: You have a somewhat thin skeletal structure.
                  | (Dex +2, Stealth+) [potion of mutation]
 92673 | Zot:4    | Lost mutation: You are occasionally teleported next to
                  | monsters. [potion of mutation]
 92673 | Zot:4    | Lost mutation: Your flesh is cold resistant. (rC+) [potion
                  | of mutation]
 92673 | Zot:4    | Lost mutation: Your body sometimes deteriorates upon taking
                  | damage. [potion of mutation]
 92673 | Zot:4    | Gained mutation: You have an increased reservoir of magic.
                  | (+10% MP) [potion of mutation]
 92673 | Zot:4    | Gained mutation: You are dopey. (Int -2) [potion of
                  | mutation]
 92673 | Zot:4    | Gained mutation: You are resistant to electric shocks.
                  | (rElec) [potion of mutation]
 92833 | Zot:4    | Gained mutation: Your spells are a little easier to cast,
                  | but a little less powerful. [an orb of fire]
 92839 | Zot:4    | Killed an orb of fire
 92995 | Zot:5    | Found a runed translucent gate.
 92995 | Zot:5    | Noticed a dread lich
 92996 | Zot:5    | Found a runed translucent gate.
 92996 | Zot:5    | Found an ancient bone altar of Kikubaaqudgha.
 92997 | Zot:5    | Noticed an ancient lich
 92998 | Zot:5    | Found a runed translucent gate.
 92998 | Zot:5    | Noticed a dread lich
 92998 | Zot:5    | Noticed a dread lich
 92998 | Zot:5    | Noticed ZoaN's ghost (legendary MiFi)
 93471 | Zot:5    | Noticed an orb of fire
 93474 | Zot:5    | Gained mutation: You occasionally lose the ability to drink
                  | potions when taking damage. [an orb of fire]
 93478 | Zot:5    | Gained mutation: You have hidden genetic defects. [an orb
                  | of fire]
 93479 | Zot:5    | Gained mutation: You occasionally shout uncontrollably at
                  | your foes. [an orb of fire]
 93483 | Zot:5    | Gained mutation: Your body sometimes deteriorates upon
                  | taking damage. [an orb of fire]
 93489 | Zot:5    | Noticed an ancient lich
 93490 | Zot:5    | Gained mutation: You have sharp toenails. [an orb of fire]
 93493 | Zot:5    | Gained mutation: You are weak. (Str -2) [an orb of fire]
 93496 | Zot:5    | Killed an orb of fire
 93499 | Zot:5    | Noticed an orb of fire
 93501 | Zot:5    | Killed an orb of fire
 93505 | Zot:5    | Killed an ancient lich
 93523 | Zot:5    | Lost mutation: You have an increased reservoir of magic.
                  | (+10% MP) [potion of mutation]
 93523 | Zot:5    | Lost mutation: You are dopey. (Int -2) [potion of mutation]
 93523 | Zot:5    | Lost mutation: You occasionally lose the ability to drink
                  | potions when taking damage. [potion of mutation]
 93523 | Zot:5    | Lost mutation: You have hidden genetic defects. [potion of
                  | mutation]
 93523 | Zot:5    | Gained mutation: You have a pair of small horns on your
                  | head. [potion of mutation]
 93523 | Zot:5    | Gained mutation: You are dopey. (Int -2) [potion of
                  | mutation]
 93523 | Zot:5    | Gained mutation: You are strong-willed. (Will+) [potion of
                  | mutation]
 93644 | Zot:5    | Lost mutation: You are dopey. (Int -2) [potion of mutation]
 93644 | Zot:5    | Lost mutation: Your body sometimes deteriorates upon taking
                  | damage. [potion of mutation]
 93644 | Zot:5    | Lost mutation: You are resistant to electric shocks.
                  | (rElec) [potion of mutation]
 93644 | Zot:5    | Lost mutation: You are strong-willed. (Will+) [potion of
                  | mutation]
 93644 | Zot:5    | Gained mutation: Your tail ends in a venomous barb. [potion
                  | of mutation]
 93644 | Zot:5    | Gained mutation: You passively dampen the noise of your
                  | surroundings. [potion of mutation]
 93644 | Zot:5    | Gained mutation: You are partially covered in iridescent
                  | scales. (AC +2) [potion of mutation]
 93649 | Zot:5    | Got the Orb of Zot
 93774 | Zot:3    | Gained mutation: You are very weak. (Str -4) [a cacodemon]
 94575 | D:$      | Escaped with the Orb!

Illustrated notes

Levels and vault maps discovered:
D:1:      minmay_arrival_four_loops, layout_basic
D:2:      layout_basic, shapermc_ecumenical_altar_pompeii, minmay_vboxes
D:3:      layout_basic, mainiacjoe_overflow_brackets,
          kennysheep_decorative_pillar
D:4:      layout_loops_ring, kennysheep_orc_sif_temple, nicolae_ru_awakened_eye,
          mainiacjoe_overflow_alcove_3, uniq_crazy_yiuf_cottage
D:5:      layout_basic, mainiacjoe_overflow_alcove_2,
          mainiacjoe_overflow_cross_hatched, zin_treasury,
          minmay_temple_entry_nine_rooms, corexii_corridor_pit
D:6:      layout_basic, amcnicky_altar_gilded,
          nicolae_kikubaaqudgha_miasma_corner, chequers_big_river
D:7:      layout_loops_corners, uniq_duvessa, uniq_menkaure, uniq_pikel
D:8:      layout_basic, kennysheep_generic_room_3
D:9:      layout_loops_corners, chequers_temple_overflow_minitemple,
          minmay_misc_feat_secret_circle, minmay_misc_feat_ornament, uniq_harold
D:10:     layout_cave_pools, david_lair_shrubbed, serial_shops,
          nicolae_shop_hallway_plus, hangedman_decor_riveting
D:11:     layout_cave_pods
D:12:     layout_irregular_city, erik_orc_1
D:13:     layout_cave_pods, skrybe_vaults_entry_preservation, serial_shops,
          shop, uniq_erolcha
D:14:     layout_loops_corners, gammafunk_ghost_arena, nicolae_nh_vlads_tower
D:15:     grunt_enter_depths_hoard, layout_irregular_city,
          grunt_decor_mini_mirrors, uniq_kirke, uniq_roxanne
Lair:1:   layout_loops_ring
Lair:2:   layout_cave_pods, nicolae_swamp_entry_splash_gauntlet,
          guppyfry_snake_entry_garden, lemuel_fruit_tree
Lair:3:   layout_gridlike, chequers_serial_rivers_room_b, serial_bayou_lagoon_a
Lair:4:   layout_small_grid, slime_entry_1
Lair:5:   wormcave, layout_hall_layers, hangedman_lair_caniforms_friends,
          nicolae_lair_liquid_snakes
Swamp:1:  layout_basic_swamp, evilmike_swamp_ruin_house_1
Swamp:2:  layout_falls_marsh, evilmike_swamp_ruin_house_3, swamp_pool1,
          hangedman_swamp_cone, infiniplex_staircase_pool
Swamp:3:  layout_basic_swamp, evilmike_swamp_ruin_rubble_1
Swamp:4:  swamp_old_school, layout_basic_swamp, swamp_pool4
Snake:1:  layout_layer_cave, nicolae_snake_salamander_jacuzzi
Snake:2:  layout_basic, grunt_ministairs_13, nicolae_snake_snakewalk
Snake:3:  layout_gridlike
Snake:4:  hellmonk_snake_rune_quicksilver_temple, layout_cave_town,
          serial_shops, shop_statue, nicolae_snake_flat_spine,
          nicolae_snake_linked_coils, nicolae_snake_yet_another_twisty_hallway,
          uniq_louise
Orc:1:    layout_caves, ebering_ghost_disaster_area
Orc:2:    pf_orc_diabolical, layout_caves, serial_shops,
          nicolae_shop_gaudy_bauble
Elf:1:    nicolae_elf_arrival_fired_up, layout_geoelf_octagon, basic_altar,
          minmay_elf_sorcery, nicolae_wooded_promenade, st_stairs_11,
          uniq_jorgrun
Elf:2:    nicolae_elf_blades_crystal_corner, layout_loops_corners,
          enter_trove_1, serial_sigils_hangedman_shear, lemuel_upstairs_altar,
          lemuel_elevator
Elf:3:    minmay_elf_hall_x, layout_geoelf_grid, minmay_shop_star
Vaults:1: ontoclasm_vaults_bender, nicolae_vaults_house_3,
          nicolae_vaults_double_plus_1, v_misc_16, grunt_vaults_funnel,
          nicolae_vaults_six-pack, hangedman_vaults_cutoff, v_misc_15,
          layout_vaults_omnigrid, serial_shops, nicolae_lakefront_shop
Vaults:2: nicolae_vaults_house_3, v_rooms_1, vaults_room_hallway,
          vaults_mumra_minichess_inversion, ontoclasm_vaults_spin,
          ontoclasm_vaults_misaligned, v_misc_8, nicolae_vaults_six-pack,
          v_misc_2, nicolae_vaults_sightless_eye,
          hangedman_vaults_corner_blocks, nicolae_vaults_trapezoid_4,
          minmay_crypt_entry_simple_box, nicolae_vaults_rhombus_6,
          layout_vaults_ring
Vaults:3: gammafunk_ghost_cemetery, nicolae_vaults_heist,
          hangedman_vaults_unwind, nicolae_vaults_circle_grid_a,
          nicolae_vaults_apartment_2, nicolae_vaults_hexular_roomagon,
          hangedman_vaults_pinch, v_misc_8, nicolae_vaults_triangles,
          nicolae_vaults_apartment_2, vaults_room_hallway,
          nicolae_vaults_rhombus_5, v_misc_13, vaults_dpeg_doors,
          nicolae_vaults_tetromino_L_1, nicolae_vaults_variable_pillar_hall,
          layout_vaults_omnibox, serial_hangedman_research,
          hangedman_research_metamorphosis, hangedman_research_geology,
          hangedman_research_convocations
Vaults:4: nicolae_vaults_wrenched, nicolae_vaults_three_branches,
          grunt_vaults_hallway_short, hangedman_vaults_stagger,
          minmay_guarded_unrand_secular_launcher,
          nicolae_vaults_border_crossing, vaults_dpeg_hooks,
          grunt_vaults_twisty, nicolae_vaults_hexular_roomagon,
          nicolae_vaults_two_Ls, nicolae_vaults_asterisk, v_misc_17,
          layout_vaults_omnicross
Vaults:5
Crypt:1:  layout_rooms, grunt_crypt_arrival_split, uniq_saint_roka
Crypt:2:  layout_misc_corridors, gammafunk_ghost_abyssal_escape, uniq_frederick
Crypt:3:  david_glass_crypt, layout_gridlike, nicolae_tomb_entry_rubble_hallway,
          serial_glass, glass_columns_c, glass_columns_c, glass_columns_a,
          glass_columns_b
Depths:1: layout_basic, fedhas_altar_fruit_tree, grunt_hell_horde, led_xom_imps
Depths:2: dreamdust_isle_of_ice, layout_cave_pools, infiniplex_staircase_x,
          grunt_pan_entry_zigzag, pf_vacation_house_of_asmodeus,
          serial_column_ruins, column_ruins_hut, column_ruins_circle_small,
          column_ruins_open_tiny, column_ruins_columns_dead_end,
          column_ruins_open_tiny
Depths:3: minmay_inside_and_out, layout_gridlike, serial_shops,
          nicolae_shop_window_shopping, abyss_entry_crystal, hell_entry,
          infiniplex_staircase_trident, uniq_josephina
Depths:4: grunt_zot_entry_gee_three, layout_basic, enter_ziggurat_b,
          infiniplex_enter_wizlab_water, pf_hell_entry_tar_spiral
Zot:1:    dreamdust_zin_vs_xom, layout_basic, st_stairs_7,
          hangedman_zot_spectrum, uniq_tiamat
Zot:2:    layout_basic, st_large_dragon_hoard_4, grunt_megastairs_2
Zot:3:    ebering_greatest_show_in_zot, layout_misc_corridors, st_stairs_5
Zot:4:    gammafunk_dig_for_victory, layout_basic
Zot:5:    layout_misc_corridors, gammafunk_ghost_crypt

Skill      XL: |  1  2  3  4  5  6  7  8  9 10 11 12 13 14 15 16 17 18 19 20 21 22 23 24 25 26 27 |
---------------+----------------------------------------------------------------------------------+-----
Axes           | 2 3 4 5 6 8 9 10 12 13 14 15 16 17 18 | 18.0
Fighting       | 3 4 5 6 7 8 9 10 11 12 13 14 15 16 17 18 19 20 22 23 | 23.0
Invocations    | 2 5 6 7 9 10 12 13 14 15 16 18 19 20 22 23 24 | 24.3
Stealth        | 1 3 4 6 7 8 9 10 11 | 11.0
Armour         | 5 6 7 9 11 12 14 16 18 19 21 23 24 | 24.0
Evocations     | 2 4 5 7 8 10 | 10.0
Dodging        | 1 2 4 6 7 11 12 | 12.0
Shields        | 4 6 7 8 9 11 12 15 17 18 19 21 | 21.0

Action                     |  1- 3 |  4- 6 |  7- 9 | 10-12 | 13-15 | 16-18 | 19-21 | 22-24 | 25-27 || total
---------------------------+-------+-------+-------+-------+-------+-------+-------+-------+-------++-------
  Melee: War axe           |   139 |    52 |   216 |   191 |       |       |       |       |       ||   598
         Tailslap          |     9 |    21 |    39 |   110 |   305 |   233 |   257 |   415 |   329 ||  1718
         Hand axe          |       |   114 |    36 |       |       |       |       |       |       ||   150
         Broad axe         |       |       |       |   460 |  1517 |  1022 |  1207 |  1562 |  1367 ||  7135
         Flail             |       |       |       |    19 |    30 |    91 |       |       |       ||   140
         Mace              |       |       |       |       |    16 |    20 |    23 |       |       ||    59
         Eveningstar       |       |       |       |       |       |       |    14 |    70 |       ||    84
         Unarmed           |       |       |       |       |       |       |       |       |     2 ||     2
         Headbutt          |       |       |       |       |       |       |       |       |    23 ||    23
  Throw: Dart              |       |       |     1 |    37 |    75 |    14 |       |       |       ||   127
         Boomerang         |       |       |       |    11 |     8 |       |       |       |       ||    19
         Javelin           |       |       |       |       |       |     3 |     1 |     1 |       ||     5
 Invoke: Line Pass         |       |     1 |     9 |    14 |    21 |     9 |    15 |     6 |     5 ||    80
         Stomp             |       |       |     5 |     4 |    12 |     2 |     1 |       |       ||    24
         Grand Finale      |       |       |       |       |       |     1 |     7 |     8 |    16 ||    32
  Evoke: Wand              |       |       |       |     5 |     4 |     3 |       |     8 |     2 ||    22
         Condenser vane    |       |       |       |       |     1 |       |       |       |       ||     1
         Lightning rod     |       |       |       |       |       |       |       |     4 |       ||     4
         Box of beasts     |       |       |       |       |       |       |       |     1 |       ||     1
    Use: Potion            |       |     1 |     1 |     3 |     3 |    10 |     5 |     9 |    18 ||    50
         Scroll            |       |       |     7 |    19 |    18 |     6 |     7 |    15 |    18 ||    90
   Stab: Paralysed         |       |     1 |     5 |    43 |   106 |   196 |   184 |   262 |   225 ||  1022
         Confused          |       |       |     3 |     4 |     8 |     7 |     8 |     4 |     4 ||    38
         Invisible         |       |       |       |     2 |       |       |       |     2 |     3 ||     7
         Distracted        |       |       |       |       |     1 |     1 |       |       |       ||     2
         Sleeping          |       |       |       |       |       |    18 |       |       |       ||    18
 Armour: Scale mail        |    64 |       |       |       |       |       |       |       |       ||    64
         Chain mail        |    30 |    88 |    32 |       |       |       |       |       |       ||   150
         Plate armour      |       |       |   100 |   379 |   948 |   430 |   431 |   666 |       ||  2954
         Swamp dragon scal |       |       |       |       |       |   196 |       |       |       ||   196
         Gold dragon scale |       |       |       |       |       |       |       |   164 |   681 ||   845
  Dodge: Dodged            |    47 |    49 |    50 |    96 |   343 |   195 |   155 |   201 |   164 ||  1300
  Block: Buckler           |    28 |    34 |    62 |   298 |   724 |   272 |       |       |       ||  1418
         Reflection        |       |       |       |     7 |    17 |    59 |    66 |    17 |     3 ||   169
         Kite shield       |       |       |       |       |       |   400 |   651 |       |       ||  1051
         Tower shield      |       |       |       |       |       |       |   100 |  1227 |  1091 ||  2418
